 Dungeon Crawl Stone Soup version 0.27-a0-1280-g9d2d252d84 (webtiles) character file.

Game seed: 3421716064379809332

49 Glokmah the Conjurer (level 3, 0/28 HPs)
             Began as a Draconian Conjurer on June 13, 2021.
             Slain by a black bear (3 damage)
             ... on level 3 of the Dungeon.
             The game lasted 00:03:59 (2190 turns).

Glokmah the Conjurer (Draconian Conjurer)           Turns: 2190, Time: 00:04:00

Health: 0/28       AC:  5    Str:  9    XL:     3   Next: 51%
Magic:  3/6        EV: 12    Int: 19    God:
Gold:   55         SH:  0    Dex:  9    Spells: 0/6 levels left

rFire    . . .     SeeInvis .   c - +0 short sword
rCold    . . .     Faith    .   (no shield)
rNeg     + . .     Spirit   .   (armour unavailable)
rPois    .         Reflect  .   (helmet restricted)
rElec    .         Harm     .   (no cloak)
rCorr    .         Rampage  .   (no gloves)
Will     .....                  (no boots)
Stlth    ++........             (no amulet)
HPRegen  0.09/turn              h - ring of positive energy
MPRegen  0.10/turn              (no ring)

@: no status effects
A: AC +5, unfitting armour, cold-blooded
a: no special abilities


You were on level 3 of the Dungeon.
You visited 1 branch of the dungeon, and saw 3 of its levels.

You collected 55 gold pieces.

Inventory:

Hand Weapons
 c - a +0 short sword (weapon)
Missiles
 a - 30 stones
 k - 2 curare-tipped darts
Jewellery
 h - a ring of positive energy (left hand)
Scrolls
 d - a scroll of identify {unknown}
 f - a scroll of noise {unknown}
 g - a scroll of vulnerability {unknown}
 i - a scroll of blinking {unknown}
 l - a scroll of magic mapping {unknown}
Potions
 b - 3 potions of curing {unknown}
 e - a potion of mutation {unknown}
 j - a potion of magic {unknown}


   Skills:
 + Level 1.2 Fighting
 + Level 2.2 Dodging
 - Level 1.7 Stealth
 + Level 2.4 Spellcasting
 * Level 4.5 Conjurations
 + Level 0.0 Hexes


You couldn't memorise any spells.
You knew the following spells:

 Your Spells              Type           Power      Damage    Failure   Level
a - Magic Dart            Conj           76%        1d6       2%          1
b - Searing Ray           Conj           38%        3d4       3%          2
c - Dazzling Flash        Conj/Hex       22%        N/A       19%         3

Your spell library contained the following spells:

 Spells                   Type           Power      Damage    Failure   Level
 Fulminant Prism          Conj/Hex       5%         3d7       54%         4
 Iskenderun's Mystic Bla  Conj/Tloc      10%        2d4       54%         4


Dungeon Overview and Level Annotations

Branches:
Dungeon (3/15)

Altars:

Shops:
D:1 :


Innate Abilities, Weirdness & Mutations

Your plain brown scales are hard. (AC +5)
You cannot fit into any form of body armour.
You are cold-blooded and may be slowed by cold attacks.


Message History

You start resting.
Magic restored.
There is a stone staircase leading down here.
There is a stone staircase leading down here.
You climb downwards.
You hear the sound of rushing water.
There is an entrance to a sewer on this level.
Hurry and find it before the portal rusts away!
You hear the slow rusting of a distant drain. 3 orcs come into view.
The orc shouts! x2
The black bear bites you. The black bear barely misses you.
The black bear claws you. The necrophage hits you!
There is a stone staircase leading up here.
Casting: Searing Ray (safe; 3% risk of failure)
Confirm with . or Enter, or press ? or * to list all spells.
Aiming: Searing Ray (safe; 3% risk of failure)
Press: ? - help, Shift-Dir - straight line, f - orc
Aim: an orc, wielding a +0 hand axe and wearing a +0 scale mail (81% to hit)
The searing ray hits the black bear.
The black bear is severely wounded.
The searing ray hits the ball python!
You kill the ball python!
The searing ray hits the orc but does no damage. (Press . to maintain the ray.)
The orc shouts!
The adder hisses angrily.
The black bear bites you but does no damage.
The black bear claws you but does no damage. x2
The necrophage hits you!
The searing ray hits the black bear!
The black bear is almost dead.
The searing ray hits the orc.
The orc is almost dead.
The searing ray hits the orc!
You kill the orc!
The black bear bites you.
* * * LOW HITPOINT WARNING * * *
The black bear claws you.
* * * LOW HITPOINT WARNING * * *
The black bear claws you.
You die...

#... ....... ..
#...##.......
(.#............
#..............
#.#...S........
###...)..<.......
##.....oo.........
#.....#hn.........
#......@.....#..##
####.#............
............ ..
.............. .
.......#.........
....... .......
####### ######.


You could see a black bear, a necrophage, an adder and 2 orcs.

Vanquished Creatures
  A worm (D:2)
  A dart slug (D:1)
  An orc (D:3)
  4 endoplasms
  A giant cockroach (D:1)
  A goblin (D:1)
  6 hobgoblins
  5 jackals (D:1)
  A kobold (D:1)
  A quokka (D:1)
  7 ball pythons
  3 bats
  4 frilled lizards
  3 rats
39 creatures vanquished.

Notes
Turn   | Place    | Note
-------+----------+-------------------------------------------
     0 | D:1      | Glokmah the Draconian Conjurer began the quest for the Orb.
     0 | D:1      | Reached XP level 1. HP: 14/14 MP: 3/3
   255 | D:1      | Found Oniameda's Book Shop.
   330 | D:1      | Reached XP level 2. HP: 17/22 MP: 0/5
   411 | D:1      | Learned a level 2 spell: Searing Ray
   754 | D:1      | Found a faded altar of an unknown god.
   842 | D:1      | Reached skill level 1 in Fighting
  1484 | D:2      | Reached XP level 3. HP: 28/28 MP: 1/6
  2040 | D:2      | Learned a level 3 spell: Dazzling Flash
  2114 | D:3      | Noticed a black bear
  2118 | D:3      | Noticed a necrophage
  2190 | D:3      | Slain by a black bear

Illustrated notes

Levels and vault maps discovered:
D:1:      dpeg_arrival_windows_large_door, layout_basic, serial_shops, shop,
          ebering_ecumenical_altar_rust, minmay_tromino_i4
D:2:      layout_rooms, minmay_bisected
D:3:      layout_rooms, portal_sewer_entry_f, nicolae_underground_beach

Skill      XL: |  1  2 |
---------------+-------+-----
Dodging        | 2 |  2.2
Fighting       | 1 |  1.2
Stealth        | |  1.7
Spellcasting   | |  2.4
Conjurations   | |  4.5

Action                   || total
-------------------------++-------
Melee: Unarmed           ||    26
       Short sword       ||    19
       Tailslap          ||     2
 Cast: Magic Dart        ||    60
       Searing Ray       ||     4
Armor: Skin              ||    26
Dodge: Dodged            ||    57

Table legend: (Time is in decaauts)
 A = Elapsed time spent in this place.
 B = Non-inter-level travel time spent in this place.
 C = Inter-level travel time spent in this place.
 D = Time resting spent in this place.
 E = Time spent auto-exploring this place.
 F = Levels seen in this place.
 G = Mean time per level.
                   A        B        C        D        E       F      G
               +--------+--------+--------+--------+--------+-----+--------+
         Total |   2194 |   2091 |    103 |    109 |   1694 |   3 |  731.3 |
       Dungeon |   2194 |   2091 |    103 |    109 |   1694 |   3 |  731.3 |
               +--------+--------+--------+--------+--------+-----+--------+

Top non-repeatable levels by time:
     D:1: 1477 daAuts
     D:2: 706 daAuts
     D:3: 10 daAuts
